[Event "Titled Tuesday Blitz November 07 Late 2023"]
[White "Colas, Joshua"]
[Black "Ward, Ieuan C"]
[WhiteFideId "2044447"]
[BlackFideId "406627"]
[WhiteElo "2590"]
[BlackElo "2344"]
[Result "1-0"]
[Round "2"]
[TimeControl "180+1"]
[Date "2023.11.07"]
[WhiteClock "0:00:16"]
[BlackClock "0:00:00"]
[Board "106"]

1. Nf3 e6 2. d4 d5 3. Bf4 Nf6 4. e3 Bd6 5. Nbd2 O-O 6. Be2 c5 7. O-O Bxf4 8. exf4 cxd4 9. Nxd4 Nc6 10. N2f3 Qd6 11. g3 Nxd4 12. Qxd4 Qb6 13. Qxb6 axb6 14. a3 Bd7 15. Nd4 Rfc8 16. c3 Ne4 17. Rfd1 Ba4 18. Re1 h6 19. Bb5 Bxb5 20. Nxb5 Nd2 21. Re2 Nc4 22. Rd1 Rc5 23. Nd4 g6 24. g4 Nd6 25. f3 h5 26. h3 Nb5 27. Nxb5 Rxb5 28. gxh5 gxh5 29. f5 exf5 30. Rdd2 Kg7 31. Re5 Kf6 32. Rexd5 Rxd5 33. Rxd5 Re8 34. Kf2 Re6 35. Rd7 f4 36. Rxb7 Kg6 37. h4 Kf6 38. a4 Ke5 39. Rd7 f6 40. c4 Rc6 41. b3 Ke6 42. Rd5 f5 43. a5 bxa5 44. Rxa5 Rb6 45. Rb5 Ra6 46. Rd5 Rb6 47. Rd3 1-0


[Site "https://www.chess.com"]

[Event "Titled Tuesday Blitz November 07 Late 2023"]
[White "Onslow, Alfie"]
[Black "balachess2006"]
[WhiteFideId "436976"]
[WhiteElo "2343"]
[BlackElo "2589"]
[Result "0-1"]
[Round "2"]
[TimeControl "180+1"]
[Date "2023.11.07"]
[WhiteClock "0:00:05"]
[BlackClock "0:00:08"]
[Board "107"]

1. c4 Nf6 2. Nc3 g6 3. e4 e5 4. Nf3 Bg7 5. Be2 O-O 6. O-O Nc6 7. d3 d6 8. Nd5 Bg4 9. Be3 Nd7 10. b4 Bxf3 11. Bxf3 a5 12. b5 Ncb8 13. Qd2 b6 14. g3 Nc5 15. Bg4 f5 16. Bg5 Qd7 17. Bh3 Ne6 18. exf5 gxf5 19. Ne7+ Kh8 20. Nxf5 Nd4 21. Nxd4 Qxh3 22. Nc2 Nd7 23. Ne3 Nc5 24. Nd5 Rf7 25. Rae1 Raf8 26. Re2 Rf3 27. Be3 Ne6 28. Qd1 h5 29. Rd2 h4 30. Bf4 Nd4 31. Be3 Ne6 32. Bf4 Qg4 33. Ne3 Qh5 34. g4 Qg6 35. Qxf3 Rxf4 36. Qg2 Nd4 37. h3 Nf3+ 38. Qxf3 Rxf3 39. Re1 e4 40. d4 Rxh3 41. Kg2 Rf3 42. d5 Be5 43. Rh1 Rxe3 44. fxe3 Qxg4+ 45. Kf1 Qf3+ 46. Kg1 h3 47. Rf2 Qd1+ 48. Rf1 Qg4+ 49. Kf2 Bg3+ 50. Kg1 Be1+ 51. Kh2 Qg2# 0-1


[Site "https://www.chess.com"]

[Event "Titled Tuesday Blitz November 07 Late 2023"]
[White "Spichkin, Alexander"]
[Black "Jaskolka, Tomasz"]
[WhiteFideId "4144074"]
[BlackFideId "1170791"]
[WhiteElo "2341"]
[BlackElo "2577"]
[Result "0-1"]
[Round "2"]
[TimeControl "180+1"]
[Date "2023.11.07"]
[WhiteClock "0:00:54"]
[BlackClock "0:00:07"]
[Board "108"]

1. f4 d5 2. Nf3 Nf6 3. e3 Bg4 4. h3 Bxf3 5. Qxf3 e6 6. b3 Ne4 7. g3 Qf6 8. d4 Qg6 9. Rg1 Bb4+ 10. Kd1 Nc6 11. Bd3 f5 12. c3 Bxc3 13. Nxc3 Nxc3+ 14. Kc2 Ne4 15. a3 O-O-O 16. b4 Kb8 17. Bb2 Qf7 18. g4 g6 19. Bxe4 dxe4 20. Qe2 Rd5 21. Qc4 Rhd8 22. Bc3 e5 23. fxe5 f4 24. Raf1 f3 25. g5 Qf5 26. Rg4 Nxd4+ 27. Bxd4 Rxd4 28. exd4 e3+ 29. Kb2 e2 30. Rc1 c6 31. b5 Rc8 32. Rg3 cxb5 33. Qb4 Rxc1 34. Kxc1 a6 35. Qd6+ Ka8 36. Qc5 e1=Q+ 37. Kb2 Qeb1+ 38. Kc3 Qfc2# 0-1


[Site "https://www.chess.com"]

[Event "Titled Tuesday Blitz November 07 Late 2023"]
[White "Czopor, Maciej"]
[Black "Freile Martin, Javier"]
[WhiteFideId "21805431"]
[BlackFideId "3600165"]
[WhiteElo "2563"]
[BlackElo "2341"]
[Result "1-0"]
[Round "2"]
[TimeControl "180+1"]
[Date "2023.11.07"]
[WhiteClock "0:01:14"]
[BlackClock "0:00:16"]
[Board "109"]

1. d4 Nf6 2. Nf3 g6 3. Bf4 Bg7 4. Qd2 d6 5. Bh6 Ne4 6. Qe3 Bxh6 7. Qxh6 Nd7 8. h4 Ndf6 9. Qf4 h5 10. Nbd2 Nxd2 11. Nxd2 Bf5 12. O-O-O Qd7 13. e4 Nxe4 14. Nxe4 Qc6 15. Nc3 O-O-O 16. f3 e5 17. Qd2 f6 18. Bb5 Qb6 19. Rhe1 Kb8 20. a4 a6 21. Nd5 Qxd4 22. Qxd4 exd4 23. Bf1 c6 24. Nxf6 d5 25. g4 hxg4 26. fxg4 Bc8 27. h5 Rdf8 28. g5 gxh5 29. Rxd4 Rf7 30. Rh4 Rg7 31. Re5 Kc7 32. Rxh5 Rf8 33. Bd3 Kd6 34. Re8 Rgf7 35. Rxf8 Rxf8 36. Kd2 c5 37. Rh6 c4 38. Nh7+ Kc5 39. Nxf8 1-0


[Site "https://www.chess.com"]

[Event "Titled Tuesday Blitz November 07 Late 2023"]
[White "Przybylski, Wojciech"]
[Black "KorolDimitriy75"]
[WhiteFideId "1117599"]
[WhiteElo "2534"]
[BlackElo "2338"]
[Result "1-0"]
[Round "2"]
[TimeControl "180+1"]
[Date "2023.11.07"]
[WhiteClock "0:00:18"]
[BlackClock "0:00:00"]
[Board "110"]

1. d4 Nf6 2. c4 c5 3. d5 b5 4. cxb5 a6 5. b6 d6 6. e4 Nbd7 7. Nc3 g6 8. f4 Bg7 9. Nf3 O-O 10. Bd3 Nxb6 11. O-O a5 12. Kh1 a4 13. a3 Ba6 14. Bxa6 Rxa6 15. Be3 Nfd7 16. Qe2 Qa8 17. Nb5 Rc8 18. Bd2 Bxb2 19. Rab1 Bg7 20. Bc3 Bxc3 21. Nxc3 Ra5 22. Nd2 Qa6 23. Qf3 Nc4 24. Nxc4 Qxc4 25. Rb7 Rd8 26. h3 Raa8 27. Re1 Rab8 28. Ra7 Rb3 29. Re3 Nf6 30. Rxa4 1-0


[Site "https://www.chess.com"]

[Event "Titled Tuesday Blitz November 07 Late 2023"]
[White "Ziatdinov, Raset"]
[Black "Ardila, Oscar Humberto"]
[WhiteFideId "2015323"]
[BlackFideId "4404742"]
[WhiteElo "2526"]
[BlackElo "2336"]
[Result "1-0"]
[Round "2"]
[TimeControl "180+1"]
[Date "2023.11.07"]
[WhiteClock "0:00:33"]
[BlackClock "0:00:04"]
[Board "111"]

1. e4 e5 2. Nf3 Nf6 3. d4 Nxe4 4. Bd3 d5 5. Nxe5 Be7 6. O-O O-O 7. Nc3 Nf6 8. Re1 c6 9. Bg5 h6 10. Bf4 Nbd7 11. Qd2 Nxe5 12. dxe5 Ne4 13. Nxe4 dxe4 14. Bxe4 Qxd2 15. Bxd2 Be6 16. f4 Rfd8 17. Be3 Bd5 18. Bxd5 Rxd5 19. Rad1 Rad8 20. Rxd5 Rxd5 21. Kf2 Bc5 22. Bxc5 Rxc5 23. c3 Kf8 24. f5 Ra5 25. a3 Rb5 26. Re2 Rc5 27. Kf3 Rd5 28. g4 Ke7 29. h4 Rd1 30. e6 fxe6 31. Rxe6+ Kf7 32. g5 hxg5 33. hxg5 Rf1+ 34. Kg4 Rg1+ 35. Kf4 Rf1+ 36. Ke5 Re1+ 37. Kd6 Rd1+ 38. Kc7 Rd5 39. g6+ Kf8 40. f6 gxf6 41. Rxf6+ Kg7 42. Rd6 Rb5 43. b4 a5 44. a4 Rf5 45. Kxb7 axb4 46. cxb4 Rf4 47. b5 cxb5 48. axb5 Rb4 49. b6 Rb2 50. Kc7 Rc2+ 51. Rc6 Rb2 52. b7 1-0


[Site "https://www.chess.com"]

[Event "Titled Tuesday Blitz November 07 Late 2023"]
[White "Davidson, Kevin"]
[Black "Silva Lucena, Cristian"]
[WhiteFideId "2056810"]
[BlackFideId "2232588"]
[WhiteElo "2335"]
[BlackElo "2519"]
[Result "0-1"]
[Round "2"]
[TimeControl "180+1"]
[Date "2023.11.07"]
[WhiteClock "0:00:00"]
[BlackClock "0:00:22"]
[Board "112"]

1. e4 c5 2. Nf3 d6 3. d4 cxd4 4. Nxd4 Nf6 5. Nc3 a6 6. h3 e5 7. Nde2 Be6 8. g4 Nc6 9. Bg2 Be7 10. Be3 b5 11. Ng3 g6 12. Qd2 b4 13. Nd5 a5 14. Bb6 Qc8 15. Nc7+ Kf8 16. Nxa8 Qxa8 17. a3 b3 18. cxb3 h5 19. g5 Nd7 20. Be3 h4 21. Ne2 Bxb3 22. O-O Kg7 23. Nc3 a4 24. Nd5 Bd8 25. Rac1 Ba5 26. Nb4 Rd8 27. Qxd6 Ndb8 28. Qf6+ Kg8 29. Nd5 Rd7 30. Rc5 Bd8 31. Qf3 Na6 32. Rc3 Nd4 33. Bxd4 exd4 34. Rd3 Bxg5 35. Rxd4 Kg7 36. Nb6 Qa7 37. Rxd7 Qxb6 38. e5 Nc5 39. Rd6 Qc7 40. Qc6 Qa7 41. Kh1 Ne6 42. Bd5 Bxd5+ 43. Qxd5 Nf4 44. Qe4 Qe7 45. Rdd1 Qe6 46. Qf3 Nxh3 47. Rd3 Nf4 48. Rc3 Qxe5 0-1


[Site "https://www.chess.com"]

[Event "Titled Tuesday Blitz November 07 Late 2023"]
[White "Bueno, Alfeu Junior Varela"]
[Black "D`Arruda, Ricardo D."]
[WhiteFideId "2108879"]
[BlackFideId "100692"]
[WhiteElo "2334"]
[BlackElo "2513"]
[Result "0-1"]
[Round "2"]
[TimeControl "180+1"]
[Date "2023.11.07"]
[WhiteClock "0:00:06"]
[BlackClock "0:00:33"]
[Board "113"]

1. e4 c5 2. Nc3 Nc6 3. f4 e6 4. Nf3 d6 5. Bb5 Bd7 6. O-O Nf6 7. d3 Be7 8. Be3 a6 9. Bxc6 Bxc6 10. Kh1 O-O 11. Qe1 b5 12. Qg3 b4 13. Ne2 d5 14. e5 Nh5 15. Qh3 g6 16. d4 Bb5 17. Rf2 Bxe2 18. Rxe2 cxd4 19. Nxd4 Bc5 20. Rf1 Qb6 21. c3 bxc3 22. bxc3 Rab8 23. f5 Bxd4 24. Bxd4 Qb5 25. Ref2 exf5 26. g4 fxg4 27. Qxg4 Qd3 28. Qxh5 gxh5 29. Rg1+ Qg6 30. Rxg6+ hxg6 31. Kg2 Rfe8 32. Kg3 Re6 33. Kf4 Kg7 34. Kg5 Rb1 35. Kf4 Kh6 36. Kf3 Rg1 37. Ke3 Kg7 38. Kf4 Rg4+ 39. Ke3 f6 40. Rxf6 Rxf6 41. exf6+ Kf7 42. Kf3 Rh4 43. Kg3 Re4 44. Kf3 Re1 45. Kf4 Re2 46. h4 Re4+ 47. Kg3 Rg4+ 48. Kh3 Ke6 49. Bf2 Kxf6 50. Bd4+ 0-1


[Site "https://www.chess.com"]

[Event "Titled Tuesday Blitz November 07 Late 2023"]
[White "Tifferet, Shaked"]
[Black "SlippperyWhenWet"]
[WhiteFideId "2811529"]
[WhiteElo "2513"]
[BlackElo "2333"]
[Result "1-0"]
[Round "2"]
[TimeControl "180+1"]
[Date "2023.11.07"]
[WhiteClock "0:01:11"]
[BlackClock "0:00:32"]
[Board "114"]

1. e4 g6 2. d4 Bg7 3. h4 h5 4. Nh3 d6 5. Ng5 e6 6. Nc3 Ne7 7. Be2 b6 8. Bf3 Bb7 9. e5 d5 10. Ne2 c5 11. c3 Nbc6 12. Nf4 Nf5 13. Be3 cxd4 14. cxd4 Nxe3 15. fxe3 Qe7 16. Ngxe6 fxe6 17. Nxg6 Qb4+ 18. Qd2 Qxd2+ 19. Kxd2 Bh6 20. Nxh8 Nxd4 21. Bxh5+ Ke7 22. Ng6+ Kd7 23. Kd3 Ba6+ 24. Kxd4 Rc8 25. Rac1 Rg8 26. g4 Bb5 27. g5 Bg7 28. Rhf1 a6 29. Rf7+ Ke8 30. Ra7 Kd8 31. Ra8+ Kd7 32. Rxg8 a5 33. Rxg7+ Kd8 34. Nf4 Bd7 35. Bg4 b5 36. Bxe6 b4 37. Rxd7+ Ke8 38. Rc8# 1-0


[Site "https://www.chess.com"]

[Event "Titled Tuesday Blitz November 07 Late 2023"]
[White "Bokros, Albert"]
[Black "Keleberda, Tymur"]
[WhiteFideId "710458"]
[BlackFideId "14174294"]
[WhiteElo "2331"]
[BlackElo "2512"]
[Result "0-1"]
[Round "2"]
[TimeControl "180+1"]
[Date "2023.11.07"]
[WhiteClock "0:00:00"]
[BlackClock "0:01:01"]
[Board "115"]

1. e4 c5 2. Nf3 d6 3. d4 cxd4 4. Nxd4 Nf6 5. Nc3 a6 6. Qe2 e5 7. Nf5 Bxf5 8. exf5 Nc6 9. g4 h6 10. Bg2 d5 11. Bf4 Bd6 12. Nxd5 Nxd5 13. Bxd5 Bb4+ 14. c3 Qxd5 15. O-O Be7 16. Rad1 Qb5 17. c4 Qa5 18. Rd5 Qxa2 19. Bxe5 O-O 20. f4 Rfe8 21. Rd7 Bc5+ 22. Kh1 f6 23. g5 hxg5 24. Qh5 Qxc4 25. Rxg7+ Kxg7 26. Qxg5+ Kf8 27. Qxf6+ Qf7 28. Qh8+ Ke7 29. f6+ Kd7 30. Rd1+ Nd4 31. Qh3+ Kc6 32. Qg2+ Qd5 33. Bxd4 Qxg2+ 34. Kxg2 Bxd4 35. Rxd4 Rf8 0-1


[Site "https://www.chess.com"]

[Event "Titled Tuesday Blitz November 07 Late 2023"]
[White "Sreyas Payyappat"]
[Black "Shapiro, Daniel"]
[WhiteFideId "46674969"]
[BlackFideId "2001780"]
[WhiteElo "2511"]
[BlackElo "2330"]
[Result "0-1"]
[Round "2"]
[TimeControl "180+1"]
[Date "2023.11.07"]
[WhiteClock "0:00:48"]
[BlackClock "0:00:25"]
[Board "116"]

1. e4 c5 2. Nf3 Nc6 3. d4 cxd4 4. Nxd4 Nf6 5. Nc3 d6 6. Bg5 Qb6 7. Ndb5 a6 8. Bxf6 gxf6 9. Nd5 Qa5+ 10. b4 Nxb4 11. Nbc7+ Kd8 12. Qd2 Nxc2+ 13. Kd1 Qxd2+ 14. Kxd2 Nxa1 15. Nxa8 f5 16. Bc4 Bg7 17. Nc3 b5 18. Bxf7 fxe4 19. Bd5 Rf8 20. Nxe4 e6 21. Bc6 d5 22. Ng5 Rxf2+ 23. Ke3 Rxg2 24. h3 Rxg5 25. Rf1 Ke7 26. Nb6 Nc2+ 27. Kd2 Nd4 28. Nxc8+ Kd8 29. Nd6 Rg2+ 30. Kd3 Nxc6 31. Rf7 Ne5+ 0-1


[Site "https://www.chess.com"]

[Event "Titled Tuesday Blitz November 07 Late 2023"]
[White "Sepulveda Rojas, Jorge"]
[Black "Harriott, Tyrell"]
[WhiteFideId "3404803"]
[BlackFideId "2086484"]
[WhiteElo "2510"]
[BlackElo "2329"]
[Result "0-1"]
[Round "2"]
[TimeControl "180+1"]
[Date "2023.11.07"]
[WhiteClock "0:02:02"]
[BlackClock "0:00:58"]
[Board "117"]

1. e4 d5 2. exd5 Nf6 3. d4 Qxd5 4. Nf3 Bg4 5. Be2 Nc6 6. c3 O-O-O 7. Qb3 Qe4 8. Be3 Nd5 9. Nbd2 Qf5 10. O-O Qh5 11. h3 Nf6 12. Bb5 Bxh3 13. gxh3 Qxh3 14. Qxf7 Qg4+ 15. Kh1 Rd5 16. Nh2 Qh3 17. Bc4 Nd8 18. Qxd5 Nxd5 19. Bxd5 e6 20. Bg2 Qh4 21. Nf3 Qh5 22. Ne5 Bd6 23. f4 Bxe5 24. dxe5 h6 25. Rf2 g5 26. Bf3 Qg6 27. fxg5 hxg5 28. Bg4 Qe4+ 29. Rf3 Qxg4 30. Raf1 Qe4 31. Kg2 g4 32. Nxg4 Qxg4+ 33. Rg3 Qe4+ 34. Kf2 Rh2+ 35. Kg1 Qh1# 0-1


[Site "https://www.chess.com"]

[Event "Titled Tuesday Blitz November 07 Late 2023"]
[White "MariusBieliauskas"]
[Black "Osmak, Yuliia"]
[BlackFideId "14101602"]
[WhiteElo "2325"]
[BlackElo "2510"]
[Result "1-0"]
[Round "2"]
[TimeControl "180+1"]
[Date "2023.11.07"]
[WhiteClock "0:00:05"]
[BlackClock "0:00:00"]
[Board "118"]

1. d4 Nf6 2. c4 e6 3. Nf3 c5 4. g3 cxd4 5. Nxd4 Nc6 6. Bg2 Bc5 7. Nb3 Be7 8. Nc3 O-O 9. O-O b6 10. Bf4 Bb7 11. Bd6 Rc8 12. Nb5 Ne8 13. Bxe7 Qxe7 14. Nxa7 Nxa7 15. Bxb7 Rxc4 16. Bg2 d5 17. Rc1 Nd6 18. Qd2 Rfc8 19. Nd4 Qc7 20. Rxc4 Qxc4 21. b3 Qc3 22. Qf4 Nab5 23. Nf3 Ne4 24. h4 h6 25. Ne5 f6 26. Nd3 Nd4 27. Kh2 e5 28. Qg4 f5 29. Qg6 Nxe2 30. Qxf5 Rf8 31. Qe6+ Kh8 32. Nxe5 Rf6 33. Qe8+ Kh7 34. Bxe4+ dxe4 35. h5 Nxg3 36. Ng6 Nxf1+ 37. Kg1 1-0


[Site "https://www.chess.com"]

[Event "Titled Tuesday Blitz November 07 Late 2023"]
[White "Rangel, Daniel"]
[Black "Nita, Lucian"]
[WhiteFideId "2124475"]
[BlackFideId "1206923"]
[WhiteElo "2508"]
[BlackElo "2325"]
[Result "1-0"]
[Round "2"]
[TimeControl "180+1"]
[Date "2023.11.07"]
[WhiteClock "0:00:04"]
[BlackClock "0:00:17"]
[Board "119"]

1. c4 d6 2. g3 e5 3. Bg2 Nf6 4. Nc3 Be7 5. e4 O-O 6. d3 Be6 7. Nge2 Qd7 8. O-O Bh3 9. f4 Bxg2 10. Kxg2 exf4 11. gxf4 c6 12. Ng3 Na6 13. Nf5 Bd8 14. Kh1 g6 15. Nh6+ Kh8 16. f5 Ng8 17. Nxg8 Rxg8 18. f6 Qh3 19. Rf3 Qh4 20. Qf1 g5 21. Rh3 Qg4 22. Be3 Rg6 23. e5 dxe5 24. Ne4 Nc7 25. Rg3 Qh5 26. Qf5 Ne6 27. Re1 Rh6 28. Bg1 Qg6 29. Nxg5 Nxg5 30. Rxg5 Qxf5 31. Rxf5 Bxf6 32. Ref1 Kg7 33. Be3 Rg6 34. h4 h5 35. Bg5 Bxg5 36. Rxf7+ Kh6 37. hxg5+ Rxg5 38. Rxb7 Rd8 39. Rf6+ Rg6 40. Rxg6+ Kxg6 41. Rxa7 Rxd3 42. Ra6 Rd1+ 43. Kg2 Rd2+ 44. Kf3 Rxb2 45. Rxc6+ Kf5 46. a4 Rb3+ 47. Ke2 Ra3 48. Ra6 Ke4 49. c5 Ra2+ 50. Kd1 Kd5 51. c6 Kd6 52. Kc1 h4 53. Kb1 Rg2 54. c7+ Kxc7 55. Rh6 Rg4 56. a5 Kb7 57. Kc2 Ra4 58. Kd3 Kc7 59. a6 Kd7 60. a7 Ra3+ 61. Ke4 Ra4+ 62. Kf5 Rf4+ 63. Kxe5 Rf8 64. Rxh4 Kc6 65. Rh7 Re8+ 66. Kd4 Rd8+ 67. Kc4 Kb6 68. Kb4 Ra8 69. Rh6+ Kxa7 70. Kb5 Kb7 71. Rh7+ Kb8 72. Kb6 Ra6+ 73. Kxa6 Kc8 74. Rb7 Kd8 75. Kb6 Ke8 76. Kc6 Kf8 1-0


[Site "https://www.chess.com"]

[Event "Titled Tuesday Blitz November 07 Late 2023"]
[White "Romero Ruscalleda, Josep"]
[Black "Pasti, Aron"]
[WhiteFideId "2231859"]
[BlackFideId "785857"]
[WhiteElo "2323"]
[BlackElo "2506"]
[Result "0-1"]
[Round "2"]
[TimeControl "180+1"]
[Date "2023.11.07"]
[WhiteClock "0:00:17"]
[BlackClock "0:00:59"]
[Board "120"]

1. e4 c5 2. c3 d5 3. exd5 Qxd5 4. Nf3 e6 5. Na3 Nf6 6. d4 cxd4 7. Nb5 Qd7 8. Nbxd4 Nc6 9. Bb5 Bd6 10. Nxc6 bxc6 11. Bd3 c5 12. Qe2 O-O 13. O-O Bb7 14. Bg5 Nd5 15. Rad1 Qc7 16. Qe4 g6 17. Qh4 Rac8 18. Rfe1 c4 19. Bc2 Rfe8 20. Rd4 e5 21. Rdd1 Nf4 22. Be4 Bxe4 23. Rxe4 Nd3 24. Rd2 f5 25. Ree2 e4 26. Nd4 Be5 27. Bf6 Nf4 28. Bxe5 Nxe2+ 29. Nxe2 Rxe5 30. Nf4 e3 31. fxe3 Qc5 32. Rd4 Rxe3 33. Qf6 Qe5 34. Qa6 Re1+ 35. Kf2 Qe3# 0-1


[Site "https://www.chess.com"]

[Event "Titled Tuesday Blitz November 07 Late 2023"]
[White "Hajiyev, Kanan"]
[Black "Maect19"]
[WhiteFideId "13404148"]
[WhiteElo "2505"]
[BlackElo "2323"]
[Result "0-1"]
[Round "2"]
[TimeControl "180+1"]
[Date "2023.11.07"]
[WhiteClock "0:00:43"]
[BlackClock "0:00:13"]
[Board "121"]

1. d4 d5 2. Nf3 Nf6 3. c4 c6 4. cxd5 cxd5 5. Nc3 Nc6 6. Bg5 e6 7. e3 Be7 8. Bd3 Bd7 9. O-O h6 10. Bh4 O-O 11. Rc1 Rc8 12. Bb1 a6 13. Qd3 g6 14. Ne5 Nxe5 15. dxe5 Nh7 16. Bxe7 Qxe7 17. f4 Qb4 18. Qd4 Qxb2 19. Nxd5 Qxd4 20. Ne7+ Kg7 21. exd4 Rce8 22. Rc7 Rxe7 23. Rxb7 Rfe8 24. Rc1 Bb5 25. Rb6 Rd8 26. a4 Bxa4 27. Rxa6 Rxd4 28. g3 Rd1+ 29. Rxd1 Bxd1 30. Rd6 Bg4 31. Be4 Bf5 32. Bf3 h5 33. Kg2 Nf8 34. h3 Rd7 35. g4 hxg4 36. hxg4 Bc2 37. Bc6 Rc7 38. Kg3 g5 39. fxg5 Ng6 40. Be8 Nxe5 41. Rd2 Bg6 42. Kf4 Nd3+ 43. Ke3 Rc4 44. Bb5 Rxg4 45. Bxd3 Bxd3 46. Kxd3 Rxg5 47. Ke4 Ra5 48. Rd8 f5+ 49. Kf4 Kf6 50. Rf8+ Ke7 51. Rb8 Ra4+ 52. Kg5 Rg4+ 53. Kh5 Rg1 54. Rb7+ Kf6 55. Rb8 f4 56. Rf8+ Ke5 57. Kh4 Ke4 58. Kh3 e5 59. Kh2 Rg7 60. Ra8 f3 61. Ra4+ Ke3 62. Ra3+ Kf4 63. Ra2 e4 64. Ra7 Rxa7 65. Kh3 Rh7# 0-1


[Site "https://www.chess.com"]

[Event "Titled Tuesday Blitz November 07 Late 2023"]
[White "Sulthankan"]
[Black "Pavlidou, Ekaterini"]
[BlackFideId "4213262"]
[WhiteElo "2505"]
[BlackElo "2322"]
[Result "0-1"]
[Round "2"]
[TimeControl "180+1"]
[Date "2023.11.07"]
[WhiteClock "0:00:00"]
[BlackClock "0:00:11"]
[Board "122"]

1. d4 Nf6 2. c4 e6 3. Nf3 b6 4. a3 Bb7 5. Nc3 d5 6. cxd5 exd5 7. g3 Be7 8. Bg2 O-O 9. O-O Nbd7 10. Bf4 a6 11. Rc1 c5 12. Ne5 cxd4 13. Nxd7 dxc3 14. Nxf6+ Bxf6 15. bxc3 Rc8 16. c4 Bb2 17. Rc2 Bxa3 18. cxd5 Rxc2 19. Qxc2 Bd6 20. Bxd6 Qxd6 21. e4 Rc8 22. Qb2 f6 23. h3 b5 24. f4 Rc4 25. Kh2 Qc5 26. Rf2 a5 27. d6 Rb4 28. Qa2+ Kf8 29. Rd2 Rd4 30. d7 Ke7 31. Qxa5 Rxd2 32. Qxd2 Kd8 33. h4 b4 34. Bh3 Bc6 35. Qa2 Bxd7 36. Qg8+ Be8 37. Qxg7 Qe7 38. Qxe7+ Kxe7 39. Bf1 Bf7 40. Bd3 Ba2 41. e5 fxe5 42. fxe5 h6 43. g4 Ke6 44. g5 hxg5 45. hxg5 Kxe5 46. Kg3 Kd4 47. Bf5 Bg8 48. g6 Ke5 49. Kg4 Be6 50. Bxe6 Kxe6 51. Kh5 b3 52. Kh6 b2 0-1


[Site "https://www.chess.com"]

[Event "Titled Tuesday Blitz November 07 Late 2023"]
[White "GAO"]
[Black "Reprintsev, Alexander"]
[BlackFideId "14100541"]
[WhiteElo "2321"]
[BlackElo "2504"]
[Result "0-1"]
[Round "2"]
[TimeControl "180+1"]
[Date "2023.11.07"]
[WhiteClock "0:01:24"]
[BlackClock "0:00:49"]
[Board "123"]

1. e4 d5 2. exd5 Qxd5 3. Nc3 Qa5 4. Nf3 Nc6 5. Be2 Bg4 6. h3 Bh5 7. O-O O-O-O 8. a3 e5 9. b4 Bxb4 10. axb4 Qxa1 11. Nxe5 Nxe5 12. Bxh5 Nf6 13. Bf3 Nxf3+ 14. Qxf3 Qa6 15. d3 Qc6 16. Qxc6 bxc6 17. Bg5 Rd4 18. Bxf6 gxf6 19. Rb1 f5 20. f3 Re8 21. Kf2 Kd7 22. Ne2 Rd6 23. Nf4 Rb8 24. c3 a5 25. Ke3 axb4 26. cxb4 c5 27. b5 Rdb6 28. Nd5 Rxb5 29. Rc1 Kd6 30. Nf4 Re8+ 31. Kf2 Rb2+ 32. Kg3 Rg8+ 33. Kh4 Rbxg2 34. Nxg2 Rxg2 35. Rc4 Rd2 36. Rc3 Kd5 37. Kh5 Rf2 38. Kg5 Rxf3 39. h4 f4 40. Kg4 Rf1 41. h5 f3 42. Kg3 Rh1 43. Kxf3 Rxh5 44. Rc1 Rh3+ 45. Ke2 f5 46. Rf1 Ke5 47. Rc1 Kd6 48. Rf1 Rh5 49. Ke3 c4 50. dxc4 Kc5 51. Kd3 Rg5 52. Rh1 h5 53. Rh3 f4 54. Ke4 Kxc4 55. Kxf4 Rd5 56. Ke4 c6 57. Re3 h4 58. Rh3 Rd4+ 59. Ke5 c5 60. Rh1 Kb5 61. Rb1+ Kc6 62. Rc1 h3 63. Rh1 Rd3 64. Ke4 c4 65. Rb1 h2 66. Rh1 Rd2 67. Ke3 c3 68. Kf3 Kc5 69. Ke3 Kc4 70. Kf3 Kd3 71. Ra1 c2 72. Ra3+ Kc4 73. Ra4+ Kb3 74. Ra1 Rd1 75. Ra8 0-1


[Site "https://www.chess.com"]

[Event "Titled Tuesday Blitz November 07 Late 2023"]
[White "Szente Varga, Fruzsina"]
[Black "Rottenwohrer Suarez, Juan"]
[WhiteFideId "712264"]
[BlackFideId "32068182"]
[WhiteElo "2318"]
[BlackElo "2502"]
[Result "0-1"]
[Round "2"]
[TimeControl "180+1"]
[Date "2023.11.07"]
[WhiteClock "0:00:18"]
[BlackClock "0:00:08"]
[Board "124"]

1. e4 c6 2. d4 d5 3. Nc3 dxe4 4. Nxe4 Nf6 5. Nxf6+ exf6 6. c3 Bd6 7. Bd3 O-O 8. Qc2 Re8+ 9. Ne2 h6 10. Bd2 Nd7 11. O-O-O a5 12. g4 b5 13. g5 fxg5 14. h4 g4 15. h5 b4 16. Rdg1 Nf6 17. Bc4 bxc3 18. Nxc3 Be6 19. Bxe6 Rxe6 20. f3 g3 21. f4 Qc7 22. Qf5 Nd5 23. Nxd5 cxd5+ 24. Kb1 Bb4 25. Qxd5 Rd8 26. Qg2 Bxd2 27. Qxd2 Re4 28. Qg2 Qxf4 29. Rf1 Qe3 30. Re1 Qd3+ 31. Ka1 Rxe1+ 32. Rxe1 Qxd4 33. a3 Qg4 34. Ka2 a4 35. Re3 Qc4+ 36. b3 axb3+ 37. Kb2 Qd4+ 38. Rc3 Rc8 39. Qxg3 Qd2+ 40. Kxb3 Qd1+ 41. Kb4 Qb1+ 42. Rb3 Qe4+ 43. Kb5 Qc4+ 44. Ka5 Ra8+ 45. Kb6 Ra6+ 46. Kb7 Qc6+ 47. Kb8 Ra8# 0-1


[Site "https://www.chess.com"]

[Event "Titled Tuesday Blitz November 07 Late 2023"]
[White "Pinto, Daniel"]
[Black "Bogaudinov, Rushan"]
[WhiteFideId "3303144"]
[BlackFideId "4129288"]
[WhiteElo "2502"]
[BlackElo "2315"]
[Result "1-0"]
[Round "2"]
[TimeControl "180+1"]
[Date "2023.11.07"]
[WhiteClock "0:00:17"]
[BlackClock "0:00:00"]
[Board "125"]

1. c4 e5 2. Nc3 Nf6 3. e4 c6 4. Nf3 Bb4 5. Nxe5 O-O 6. Nd3 Bxc3 7. dxc3 Nxe4 8. Be2 d5 9. cxd5 cxd5 10. O-O Nc6 11. Bf3 Bf5 12. Re1 Re8 13. Bg4 Bg6 14. Nf4 Ne5 15. Be2 Nf6 16. Nxg6 Nxg6 17. Be3 Ne4 18. Qd4 Qf6 19. Rad1 Qxd4 20. Rxd4 Ne7 21. g4 h6 22. Bb5 Nc6 23. Rxd5 Nf6 24. Bxc6 bxc6 25. Rd4 Rab8 26. b3 Re6 27. Bd2 Rbe8 28. Rxe6 Rxe6 29. Kf1 Ne4 30. Be1 Nf6 31. f3 c5 32. Rd3 Ra6 33. Rd2 Kh7 34. Bf2 c4 35. bxc4 Ra3 36. Bd4 Nd7 37. c5 Nb8 38. Ke2 Nc6 39. Kd3 a6 40. Kc4 Ra4+ 41. Kd5 Ne7+ 42. Kd6 Nc8+ 43. Kd7 Na7 44. c6 Nb5 45. c7 Nxc7 46. Kxc7 Kg6 47. h4 h5 48. Kb6 hxg4 49. fxg4 Rc4 50. Kxa6 f5 51. gxf5+ Kxf5 52. Bxg7 Rc6+ 53. Kb5 Rg6 54. Bd4 Ke4 55. c4 Rh6 56. Bb6 Rh5+ 57. c5 Ke3 58. Rb2 Rxh4 59. a4 Kd3 60. a5 Kc3 61. Rb1 Kc2 62. Rb4 Rh8 63. a6 Kc3 64. Rc4+ Kb3 65. Rg4 Ka3 66. Rg3+ Ka2 67. a7 Kb2 68. Ka6 Kb1 69. c6 Rh6 70. Kb7 Rh5 71. a8=Q Kc2 72. Qa2+ 1-0


[Site "https://www.chess.com"]

[Event "Titled Tuesday Blitz November 07 Late 2023"]
[White "Ramadoss, Ashokkumar"]
[Black "Medeiros Jr, Francisco De Assis"]
[WhiteFideId "5040990"]
[BlackFideId "2114267"]
[WhiteElo "2314"]
[BlackElo "2500"]
[Result "1/2-1/2"]
[Round "2"]
[TimeControl "180+1"]
[Date "2023.11.07"]
[WhiteClock "0:00:55"]
[BlackClock "0:02:08"]
[Board "126"]

1. Nf3 d5 2. c4 e6 3. Qc2 a6 4. d4 dxc4 5. Qxc4 b5 6. Qc2 Bb7 7. Nbd2 Nd7 8. a4 c5 9. axb5 axb5 10. Rxa8 Qxa8 11. e3 Ngf6 12. Bxb5 Bxf3 13. Bxd7+ Nxd7 14. Nxf3 Qa6 15. Qe2 Qb7 16. O-O Be7 17. dxc5 Nxc5 18. Nd4 O-O 19. b4 Qxb4 20. Nc6 Qb7 21. Nxe7+ Qxe7 22. Ba3 Ra8 23. Bb4 Qa7 24. Bxc5 Qxc5 25. Rd1 Qf5 26. h3 h6 27. Qd3 Qe5 28. Qd4 Qf5 29. Qd3 Qe5 30. Qd4 Qf5 31. Qd3 1/2-1/2


[Site "https://www.chess.com"]